[Event "ICC tourney 3036 (30 10)"]
[Site "Internet Chess Club"]
[Date "2022.10.22"]
[Round "1"]
[White "Belous, Vladimir:Openyagami"]
[Black "MARKOVIC, GORAN:Goran21"]
[Result "1-0"]
[ICCResult "Black resigns"]
[WhiteElo "2575"]
[BlackElo "1960"]
[Opening "QGD: Tarrasch, Prague variation, 7...Be7"]
[ECO "D34"]
[NIC "EO.64"]
[Time "12:00:52"]
[PlyCount "71"]
[TimeControl "1800+10"]

1. c4 Nf6 2. Nc3 c5 3. g3 e6 4. Nf3 Nc6 5. Bg2 d5 6. cxd5 exd5 7. d4 Be7 8.
dxc5 Bxc5 9. O-O O-O 10. Bg5 Be6 11. Rc1 Be7 12. Nd4 Nxd4 13. Qxd4 h6 14.
Bf4 Qa5 15. Qa4 Qb6 16. Be5 Rfd8 17. Bd4 Qb4 18. Qxb4 Bxb4 19. Rfd1 Ne8 20.
a3 Be7 21. Nb5 a6 22. Nc7 Rac8 23. Nxd5 Bf8 24. Rxc8 Rxc8 25. Be5 Rc5 26. b4
Rc2 27. Ne3 Ra2 28. Bxb7 Rxa3 29. Rd8 Nf6 30. b5 axb5 31. Rxf8+ Kxf8 32.
Bd6+ Ke8 33. Bc6+ Bd7 34. Bxd7+ Kxd7 35. Bxa3 b4 36. Bxb4 {Black resigns}
1-0

[Event "ICC tourney 3036 (30 10)"]
[Site "Internet Chess Club"]
[Date "2022.10.22"]
[Round "1"]
[White "MURILLO, JAIME:Otelo"]
[Black "MAMMADOV, ZAUR:zaur94"]
[Result "0-1"]
[ICCResult "White resigns"]
[WhiteElo "1950"]
[BlackElo "2543"]
[Opening "QGD semi-Slav: Stoltz variation"]
[ECO "D45"]
[NIC "SL.08"]
[Time "12:00:13"]
[PlyCount "46"]
[TimeControl "1800+10"]

1. d4 d5 2. c4 c6 3. Nc3 Nf6 4. Nf3 e6 5. e3 Nbd7 6. Qc2 Bd6 7. Bd3 O-O 8.
b3 b6 9. Bb2 Bb7 10. O-O Qe7 11. Rfe1 dxc4 12. Bxc4 c5 13. e4 cxd4 14. Nxd4
Rac8 15. Qe2 Rfd8 16. Rad1 Bb8 17. Bd3 Nf8 18. e5 Rxd4 19. exf6 Qxf6 20. Nd5
Qh4 21. g3 Rg4 22. Ne7+ Kh8 23. Nxc8 Qxh2+ {White resigns} 0-1

[Event "ICC tourney 3036 (30 10)"]
[Site "Internet Chess Club"]
[Date "2022.10.22"]
[Round "1"]
[White "Mitrabha, Guha:babysnake"]
[Black "Gaw, Chloe:HarleyQueen8"]
[Result "1-0"]
[ICCResult "Black resigns"]
[WhiteElo "2521"]
[BlackElo "1846"]
[Opening "English: ultra-symmetrical variation"]
[ECO "A36"]
[NIC "EO.29"]
[Time "12:00:43"]
[PlyCount "109"]
[TimeControl "1800+10"]

1. c4 c5 2. Nc3 Nc6 3. g3 g6 4. Bg2 Bg7 5. e3 e6 6. Nge2 Nge7 7. Nf4 O-O 8.
O-O b6 9. b3 Bb7 10. Bb2 Na5 11. Bxb7 Nxb7 12. Qc2 d5 13. cxd5 exd5 14. e4
dxe4 15. Nxe4 Nf5 16. Bxg7 Kxg7 17. Qc3+ Qd4 18. Ng5 Rfe8 19. Rfe1 Rad8 20.
Nf3 Qf6 21. Kg2 Nbd6 22. Nd5 Qxc3 23. dxc3 Nb5 24. c4 Nbd4 25. Nxd4 Nxd4 26.
Nc7 Rxe1 27. Rxe1 Kf8 28. g4 h6 29. h4 Rc8 30. Nd5 Re8 31. Rxe8+ Kxe8 32.
Kg3 Kd7 33. Kf4 Kd6 34. Nf6 Ne2+ 35. Ke3 Nc3 36. a3 Ke6 37. g5 hxg5 38. hxg5
b5 39. Kd3 Nb1 40. a4 bxa4 41. bxa4 Kd6 42. Ne4+ Kc6 43. Kc2 Na3+ 44. Kb3
Nb1 45. Kb2 Kb6 46. Kxb1 Ka5 47. Nxc5 Kb4 48. Nd7 Kxc4 49. Ne5+ Kb4 50. Nxf7
Kxa4 51. Ne5 Kb5 52. Nxg6 Kc6 53. Ne5+ Kd6 54. g6 Ke7 55. g7 {Black resigns}
1-0

[Event "ICC tourney 3036 (30 10)"]
[Site "Internet Chess Club"]
[Date "2022.10.22"]
[Round "1"]
[White "Yang, Daniel:danielbest"]
[Black "Nguyen, Hoa Duc:leoman"]
[Result "0-1"]
[ICCResult "White checkmated"]
[WhiteElo "1732"]
[BlackElo "2456"]
[Opening "Grünfeld: exchange variation"]
[ECO "D85"]
[NIC "GI.03"]
[Time "12:00:25"]
[PlyCount "120"]
[TimeControl "1800+10"]

1. d4 Nf6 2. c4 g6 3. Nc3 d5 4. cxd5 Nxd5 5. Na4 Bg7 6. e4 Nb6 7. Be3 O-O 8.
Nf3 N8d7 9. Be2 Nxa4 10. Qxa4 Nb6 11. Qc2 f5 12. Qb3+ Kh8 13. Ng5 e5 14.
Nf7+ Rxf7 15. Qxf7 exd4 16. Bg5 Qd7 17. Qxd7 Bxd7 18. exf5 Bxf5 19. Kd2 h6
20. Bf4 d3 21. Bf3 Nc4+ 22. Ke1 Bxb2 23. Rd1 Re8+ 24. Kf1 g5 25. g4 gxf4 26.
gxf5 d2 27. Be2 b5 28. Bxc4 bxc4 29. Rxd2 c3 30. Rc2 Kg7 31. Kg2 Rd8 32. Kf3
Rd4 33. Rg1+ Kf6 34. Rg6+ Kxf5 35. Rxh6 Rd3+ 36. Ke2 Rd7 37. h4 c5 38. Rh5+
Ke4 39. Rxc5 f3+ 40. Ke1 Kd3 41. Kd1 Rd4 42. Rg5 Rxh4 43. Rg1 Re4 44. Rg3
Re1+ 45. Kxe1 Kxc2 46. Rxf3 Kb1 47. Rf7 c2 48. Rc7 c1=Q+ 49. Rxc1+ Bxc1 50.
a4 Kc2 51. Ke2 a5 52. f3 Kb3 53. Kd3 Kxa4 54. Kc4 Bf4 55. Kc3 Ka3 56. Kc2 a4
57. Kb1 Kb3 58. Ka1 a3 59. Kb1 a2+ 60. Ka1 Be5# {White checkmated} 0-1

[Event "ICC tourney 3036 (30 10)"]
[Site "Internet Chess Club"]
[Date "2022.10.22"]
[Round "1"]
[White "Feng, Jay:TheDeadlyPawn"]
[Black "Wan, Joseph Cheng-Yue:cyborg86"]
[Result "0-1"]
[ICCResult "White resigns"]
[WhiteElo "1643"]
[BlackElo "2296"]
[Opening "Sicilian: Alapin's variation (2.c3)"]
[ECO "B22"]
[NIC "SI.47"]
[Time "12:00:24"]
[PlyCount "62"]
[TimeControl "1800+10"]

1. e4 c5 2. c3 Nf6 3. e5 Nd5 4. d4 cxd4 5. Nf3 d6 6. Qxd4 e6 7. exd6 Nc6 8.
Bb5 Qxd6 9. Nbd2 Nb6 10. Ne4 Qxd4 11. Nxd4 Bd7 12. Nxc6 bxc6 13. Bd3 f5 14.
Nd2 e5 15. Nc4 e4 16. Be2 O-O-O 17. Ne5 Be8 18. Ba6+ Kc7 19. Bf4 Bd6 20.
O-O-O Nd5 21. Bg5 Ra8 22. Nc4 Bc5 23. b4 Bxf2 24. Rhf1 e3 25. Rxd5 cxd5 26.
Bf4+ Kd7 27. Rd1 Ke6 28. Bb7 dxc4 29. Bxa8 e2 30. Rd6+ Ke7 31. Bg5+ Kxd6
{White resigns}
0-1

[Event "ICC tourney 3036 (30 10)"]
[Site "Internet Chess Club"]
[Date "2022.10.22"]
[Round "1"]
[White "REDDY, SATVIK:chesslead"]
[Black "CHINNI, RISHABH:alphachesplayer"]
[Result "1-0"]
[ICCResult "Black resigns"]
[WhiteElo "2320"]
[BlackElo "1726"]
[Opening "Giuoco Piano"]
[ECO "C54"]
[NIC "IG.02"]
[Time "12:00:52"]
[PlyCount "97"]
[TimeControl "1800+10"]

1. e4 e5 2. Nf3 Nc6 3. Bc4 Bc5 4. c3 Nf6 5. d3 h6 6. O-O d6 7. Nbd2 O-O 8.
Bb3 a6 9. h3 Ba7 10. Re1 Ne7 11. Nf1 Ng6 12. Ng3 c6 13. d4 Re8 14. Be3 Qc7
15. Qd2 Be6 16. Bc2 Rad8 17. Rad1 d5 18. exd5 exd4 19. Bxd4 Bxd4 20. dxe6
Bb6 21. exf7+ Qxf7 22. Bb3 Nd5 23. c4 Ndf4 24. c5 Rxd2 25. Bxf7+ Kxf7 26.
Rxd2 Rxe1+ 27. Nxe1 Bxc5 28. Rd7+ Ke6 29. Rxb7 Bd4 30. Nc2 c5 31. Rb6+ Ke5
32. Rxa6 Bxb2 33. a4 c4 34. Rc6 Kd5 35. Nb4+ Kd4 36. a5 Ne7 37. Rc7 Ned5 38.
Nxd5 Nxd5 39. Nf5+ Kd3 40. Rd7 Ke4 41. a6 c3 42. a7 c2 43. Ng3+ Ke5 44.
Rxd5+ Kxd5 45. a8=Q+ Kc4 46. Qc6+ Kb3 47. Ne2 c1=Q+ 48. Nxc1+ Bxc1 49. Qxc1
{Black resigns}
1-0

[Event "ICC tourney 3036 (30 10)"]
[Site "Internet Chess Club"]
[Date "2022.10.22"]
[Round "1"]
[White "FILIPOVICH, DAVID MICHAEL:dmfcan"]
[Black "SHOLL, CRAIG H:craigsholl66"]
[Result "1-0"]
[ICCResult "Black resigns"]
[WhiteElo "2050"]
[BlackElo "1579"]
[Opening "Réti opening"]
[ECO "A05"]
[NIC "QP.11"]
[Time "12:00:18"]
[PlyCount "105"]
[TimeControl "1800+10"]

1. Nf3 Nf6 2. g3 d5 3. Bg2 Nc6 4. d4 Bf5 5. O-O e6 6. c4 Be7 7. Nc3 O-O 8.
b3 Ne4 9. Bb2 Bf6 10. Nxe4 Bxe4 11. Ne5 Bxe5 12. dxe5 Bxg2 13. Kxg2 d4 14.
Qd2 f6 15. exf6 Qxf6 16. Rad1 e5 17. f4 Rad8 18. Ba1 a5 19. Kg1 Qd6 20. fxe5
Qxe5 21. Rxf8+ Kxf8 22. Qf4+ Qxf4 23. gxf4 Kf7 24. Kf2 Ke6 25. Kf3 Kf5 26.
Rg1 g6 27. Rg5+ Kf6 28. e3 h6 29. Rd5 Rxd5 30. cxd5 Nb4 31. Bxd4+ Kf7 32.
Bc3 Nxd5 33. Bxa5 c6 34. Bd2 Ke6 35. e4 Nf6 36. f5+ gxf5 37. exf5+ Kxf5 38.
Bxh6 Nd5 39. Bd2 Ke5 40. h4 Ne7 41. h5 Kd4 42. Bg5 Ng8 43. h6 Nxh6 44. Bxh6
Kc3 45. Ke4 Kb2 46. Kd3 Kxa2 47. Kc3 b6 48. Bf8 c5 49. Bd6 Ka3 50. Bc7 b5
51. Bd6 b4+ 52. Kc4 Kb2 53. Bxc5 {Black resigns} 1-0

[Event "ICC tourney 3036 (30 10)"]
[Site "Internet Chess Club"]
[Date "2022.10.22"]
[Round "1"]
[White "Sarafudinov, Andrey:whyyoutrysohard"]
[Black "Turcotte, Jonathan:JonnyTurgi"]
[Result "1/2-1/2"]
[ICCResult "Game drawn by mutual agreement"]
[WhiteElo "1575"]
[BlackElo "2050"]
[Opening "QGD semi-Slav: Stoltz variation"]
[ECO "D45"]
[NIC "SL.08"]
[Time "12:00:51"]
[PlyCount "89"]
[TimeControl "1800+10"]

1. d4 d5 2. c4 c6 3. Nf3 Nf6 4. Nc3 e6 5. e3 Nbd7 6. Qc2 Bd6 7. Bd3 dxc4 8.
Bxc4 b5 9. Be2 Bb7 10. O-O O-O 11. e4 e5 12. dxe5 Nxe5 13. Nxe5 Bxe5 14. Be3
Qe7 15. Rae1 a6 16. f4 Bd6 17. Bf3 Bc5 18. Qf2 Bxe3 19. Rxe3 b4 20. Na4 c5
21. Nb6 Rad8 22. e5 Nd5 23. Nxd5 Bxd5 24. Bxd5 Rxd5 25. Rfe1 c4 26. f5 f6
27. Qh4 Qc5 28. exf6 Rxf6 29. Kh1 Rdxf5 30. Re8+ Rf8 31. Qe4 c3 32. bxc3
bxc3 33. h3 h6 34. Rc1 Rxe8 35. Qxe8+ Rf8 36. Qe6+ Kh8 37. Qxa6 c2 38. Qd3
Rc8 39. a4 Qb4 40. a5 Qxa5 41. Rxc2 Qa1+ 42. Kh2 Qe5+ 43. g3 Ra8 44. Qe2 Qd5
45. Qg2 {Game drawn by mutual agreement} 1/2-1/2

[Event "ICC tourney 3036 (30 10)"]
[Site "Internet Chess Club"]
[Date "2022.10.22"]
[Round "2"]
[White "MARKOVIC, GORAN:Goran21"]
[Black "Sarafudinov, Andrey:whyyoutrysohard"]
[Result "1-0"]
[ICCResult "Black resigns"]
[WhiteElo "1960"]
[BlackElo "1575"]
[Opening "Sicilian"]
[ECO "B50"]
[NIC "SI.01"]
[Time "14:00:27"]
[PlyCount "55"]
[TimeControl "1800+10"]

1. e4 c5 2. Nf3 d6 3. c3 Nf6 4. Be2 Nc6 5. d4 cxd4 6. cxd4 d5 7. e5 Ne4 8.
O-O e6 9. Be3 f6 10. exf6 Nxf6 11. Nc3 Bd6 12. Bd3 O-O 13. h3 e5 14. dxe5
Nxe5 15. Nxe5 Bxe5 16. Bg5 h6 17. Bh4 Qd6 18. Bxf6 Bxf6 19. Nxd5 Bxb2 20.
Qb3 Be6 21. Qxb2 Bxd5 22. Rad1 Qc6 23. Rc1 Qf6 24. Qc2 Rac8 25. Qxc8 Rxc8
26. Rxc8+ Qf8 27. Rxf8+ Kxf8 28. a3 {Black resigns} 1-0

[Event "ICC tourney 3036 (30 10)"]
[Site "Internet Chess Club"]
[Date "2022.10.22"]
[Round "2"]
[White "MAMMADOV, ZAUR:zaur94"]
[Black "FILIPOVICH, DAVID MICHAEL:dmfcan"]
[Result "1-0"]
[ICCResult "Black resigns"]
[WhiteElo "2543"]
[BlackElo "2050"]
[Opening "Caro-Kann: anti-anti-Caro-Kann defense"]
[ECO "B10"]
[NIC "CK.01"]
[Time "14:00:31"]
[PlyCount "41"]
[TimeControl "1800+10"]

1. e4 c6 2. c4 d5 3. cxd5 cxd5 4. exd5 Nf6 5. Nc3 Nxd5 6. Nf3 Nc6 7. Bb5 e6
8. d4 Be7 9. O-O O-O 10. Re1 a6 11. Bd3 b5 12. Nxd5 Qxd5 13. Be4 Qd6 14. Qc2
Bb7 15. Bxh7+ Kh8 16. Be4 Rac8 17. Qe2 Rc7 18. Ng5 Bxg5 19. Qh5+ Bh6 20.
Bxh6 f5 21. Bf4+ {Black resigns} 1-0

[Event "ICC tourney 3036 (30 10)"]
[Site "Internet Chess Club"]
[Date "2022.10.22"]
[Round "2"]
[White "SRIPADA, Havish:brilliantnessme"]
[Black "REDDY, SATVIK:chesslead"]
[Result "0-1"]
[ICCResult "White checkmated"]
[WhiteElo "1993"]
[BlackElo "2320"]
[Opening "Pirc defense"]
[ECO "B07"]
[NIC "PU.08"]
[Time "14:00:52"]
[PlyCount "88"]
[TimeControl "1800+10"]

1. e4 d6 2. d4 Nf6 3. Nc3 Nbd7 4. f4 e5 5. Nf3 exd4 6. Qxd4 c6 7. Be3 d5 8.
exd5 Bc5 9. Qd3 Qe7 10. Kd2 cxd5 11. Re1 O-O 12. Bxc5 Qxc5 13. Qd4 Qa5 14.
Kc1 Nb8 15. Ne5 Nc6 16. Nxc6 bxc6 17. Bd3 c5 18. Qa4 Qb6 19. Re5 Bb7 20. Qb5
Qc7 21. Rhe1 a6 22. Qa4 Rab8 23. Bxa6 Bc6 24. Bb5 Bxb5 25. Nxb5 Qb6 26. Nc3
Qxb2+ 27. Kd2 Rb4 28. Qa5 Rd4+ 29. Ke3 Ng4+ 30. Kf3 Nxe5+ 31. Rxe5 Qxc2 32.
Nxd5 Qd1+ 33. Kg3 Rxd5 34. Re3 Rd3 35. Qxc5 Qe1+ 36. Kg4 Qxe3 37. Qf5 Qe2+
38. Kh4 Qf2+ 39. Kg5 f6+ 40. Kh5 g6+ 41. Qxg6+ hxg6+ 42. Kxg6 Qxg2+ 43. Kf5
Rd5+ 44. Ke6 Qe4# {White checkmated} 0-1

[Event "ICC tourney 3036 (30 10)"]
[Site "Internet Chess Club"]
[Date "2022.10.22"]
[Round "2"]
[White "QUIRKE, JEFFREY L:PawnEatingZombi"]
[Black "Mitrabha, Guha:babysnake"]
[Result "0-1"]
[ICCResult "White resigns"]
[WhiteElo "2040"]
[BlackElo "2521"]
[Opening "Nimzo-Indian: classical variation"]
[ECO "E32"]
[NIC "NI.24"]
[Time "14:00:54"]
[PlyCount "52"]
[TimeControl "1800+10"]

1. d4 Nf6 2. c4 e6 3. Nc3 Bb4 4. Qc2 O-O 5. e4 d5 6. e5 Ne4 7. Bd3 c5 8. Nf3
cxd4 9. Nxd4 Nd7 10. Bf4 Qh4 11. g3 Qh5 12. O-O Bxc3 13. bxc3 g5 14. cxd5
exd5 15. Be3 Nxe5 16. f3 Nd6 17. g4 Qh4 18. Bf5 Nec4 19. Rae1 Qh6 20. Bc1
Qg7 21. Re7 Bxf5 22. Nxf5 Qf6 23. Rfe1 Rae8 24. Qe2 Rc8 25. h4 Nxf5 26. Bxg5
Qb6+ {White resigns} 0-1

[Event "ICC tourney 3036 (30 10)"]
[Site "Internet Chess Club"]
[Date "2022.10.22"]
[Round "2"]
[White "SHOLL, CRAIG H:craigsholl66"]
[Black "MURILLO, JAIME:Otelo"]
[Result "0-1"]
[ICCResult "White resigns"]
[WhiteElo "1579"]
[BlackElo "1950"]
[Opening "Sicilian defense"]
[ECO "B40"]
[NIC "SI.43"]
[Time "14:00:31"]
[PlyCount "110"]
[TimeControl "1800+10"]

1. e4 c5 2. Nf3 e6 3. Nc3 Nc6 4. Bb5 Nd4 5. Be2 Nxe2 6. Qxe2 d6 7. O-O a6 8.
a4 Nf6 9. d4 cxd4 10. Nxd4 Be7 11. Be3 O-O 12. a5 Bd7 13. Rfd1 Rc8 14. f4 e5
15. fxe5 dxe5 16. Nf5 Bb4 17. Bb6 Qe8 18. Nd6 Bxd6 19. Rxd6 Bc6 20. Rad1 Qe7
21. b4 Bd7 22. Qd3 Bg4 23. Ne2 Ne8 24. Bc5 Nxd6 25. Bxd6 Qd7 26. Bxf8 Qxd3
27. Rxd3 Kxf8 28. Nc3 Rc4 29. h3 Be6 30. b5 axb5 31. Nxb5 Rxc2 32. Rd8+ Ke7
33. Rb8 Bc8 34. Na7 Kd7 35. Ra8 g6 36. g4 h6 37. Kf1 Rc5 38. Kf2 Rxa5 39.
Nxc8 Rxa8 40. Nb6+ Kc6 41. Nxa8 b5 42. h4 Kb7 43. g5 h5 44. Ke3 Kxa8 45. Kd3
Kb7 46. Kc3 Kc6 47. Kb4 Kb6 48. Kb3 Kc5 49. Kc3 b4+ 50. Kd3 b3 51. Kc3 b2
52. Kxb2 Kd4 53. Kc2 Kxe4 54. Kd2 Kf4 55. Ke2 Kg4 {White resigns} 0-1

[Event "ICC tourney 3036 (30 10)"]
[Site "Internet Chess Club"]
[Date "2022.10.22"]
[Round "2"]
[White "Gaw, Chloe:HarleyQueen8"]
[Black "Feng, Jay:TheDeadlyPawn"]
[Result "1-0"]
[ICCResult "Black checkmated"]
[WhiteElo "1846"]
[BlackElo "1643"]
[Opening "Nimzo-Indian: 4.e3, Botvinnik system"]
[ECO "E49"]
[NIC "NI.08"]
[Time "14:00:33"]
[PlyCount "79"]
[TimeControl "1800+10"]

1. d4 Nf6 2. c4 e6 3. Nc3 Bb4 4. e3 O-O 5. Bd3 d5 6. a3 Bxc3+ 7. bxc3 b6 8.
cxd5 exd5 9. Ne2 Bb7 10. O-O Nbd7 11. f3 Re8 12. Ng3 c5 13. Ra2 Qc7 14. Re2
Rad8 15. e4 dxe4 16. fxe4 Nf8 17. Bf4 Qd7 18. d5 Ng6 19. Bg5 Re5 20. Bxf6
gxf6 21. Rxf6 Qg4 22. Qf1 Rd7 23. Ref2 Nh8 24. Nf5 Qg5 25. Nh6+ Kg7 26. Nxf7
Qh5 27. Nxe5 Qxe5 28. Qc1 Qxf6 29. Rxf6 Kxf6 30. Qf4+ Kg7 31. Qe5+ Kg8 32.
Qe6+ Rf7 33. d6 Kg7 34. d7 Rf8 35. Qe7+ Nf7 36. Bc4 Bc6 37. d8=Q Rxd8 38.
Qxf7+ Kh6 39. Qf6+ Kh5 40. Be2# {Black checkmated} 1-0

[Event "ICC tourney 3036 (30 10)"]
[Site "Internet Chess Club"]
[Date "2022.10.22"]
[Round "2"]
[White "Wan, Joseph Cheng-Yue:cyborg86"]
[Black "Belous, Vladimir:Openyagami"]
[Result "1-0"]
[ICCResult "Black resigns"]
[WhiteElo "2296"]
[BlackElo "2575"]
[Opening "Queen's pawn: London system"]
[ECO "A45"]
[NIC "QP.07"]
[Time "14:00:54"]
[PlyCount "127"]
[TimeControl "1800+10"]

1. d4 Nf6 2. Bf4 g6 3. e3 Bg7 4. Nf3 d6 5. h3 O-O 6. Be2 Nc6 7. O-O Nd7 8.
c4 e5 9. Bh2 exd4 10. exd4 Qf6 11. d5 Nd4 12. Nxd4 Qxd4 13. Nc3 Qxd1 14.
Rfxd1 Re8 15. Bf1 Bxc3 16. bxc3 Nc5 17. Bf4 h5 18. Be3 b6 19. Bd4 a5 20. Re1
Bf5 21. f3 a4 22. Bxc5 dxc5 23. g4 hxg4 24. hxg4 Bd7 25. Kf2 a3 26. Bd3 Kg7
27. Rxe8 Rxe8 28. Rb1 Ba4 29. d6 cxd6 30. Rxb6 Ra8 31. Be4 Ra7 32. Ke3 Kf8
33. Kd2 Ke7 34. Bc2 g5 35. Be4 Ke6 36. Ke3 Ke5 37. Rb8 Bd7 38. Rg8 Kf6 39.
Rb8 Be6 40. Bd3 Ra4 41. Rb3 Ke5 42. Bf1 f6 43. Be2 d5 44. cxd5 Bxd5 45. c4
Be6 46. Bd3 Ra6 47. Rb5 Kd6 48. Rb3 Kc6 49. Be4+ Kc7 50. Bd3 Ra4 51. Be2 Ra5
52. Bd3 Bf7 53. Be2 Ra4 54. Bd3 Kd6 55. Rb6+ Ke5 56. Rb3 Ra8 57. Rb5 Kd6 58.
Rb6+ Kd7 59. Rb7+ Ke8 60. Rb5 Ra4 61. Rxc5 Kd7 62. Kd4 Kd6 63. Rb5 Ra6 64.
Rb7 {Black resigns} 1-0

[Event "ICC tourney 3036 (30 10)"]
[Site "Internet Chess Club"]
[Date "2022.10.22"]
[Round "2"]
[White "Nguyen, Hoa Duc:leoman"]
[Black "LIANG, YU-CHENG:Yucheng"]
[Result "1/2-1/2"]
[ICCResult "Game drawn by mutual agreement"]
[WhiteElo "2456"]
[BlackElo "2041"]
[Opening "Caro-Kann: classical, Spassky variation"]
[ECO "B19"]
[NIC "CK.12"]
[Time "14:00:27"]
[PlyCount "110"]
[TimeControl "1800+10"]

1. e4 c6 2. d4 d5 3. Nc3 dxe4 4. Nxe4 Bf5 5. Ng3 Bg6 6. h4 h6 7. Nf3 Nd7 8.
h5 Bh7 9. Bd3 Bxd3 10. Qxd3 e6 11. Bd2 Qc7 12. O-O-O Ngf6 13. Ne4 O-O-O 14.
Kb1 Nxe4 15. Qxe4 Nf6 16. Qe2 Bd6 17. c4 c5 18. Bc3 cxd4 19. Nxd4 a6 20. Nb3
Qc6 21. f3 Bf4 22. g4 Rxd1+ 23. Rxd1 Rd8 24. Rxd8+ Kxd8 25. a3 Ne8 26. Na5
Qc7 27. Qe4 b6 28. Nb3 Nf6 29. Qa8+ Qc8 30. Qxc8+ Kxc8 31. c5 Kb7 32. Kc2
Ne8 33. Kd3 g6 34. a4 gxh5 35. gxh5 e5 36. cxb6 Kxb6 37. Na5 f6 38. Ke4 Ng7
39. Kd5 Nxh5 40. Nc4+ Kb7 41. Nd6+ Kc7 42. Ba5+ Kd7 43. b4 Be3 44. Nf5 Nf4+
45. Kc4 Bd2 46. Nxh6 Ke6 47. Ng4 f5 48. Nf2 Be1 49. Nd1 Nd5 50. Nb2 e4 51.
fxe4 fxe4 52. Kd4 Bc3+ 53. Kxe4 Bxb2 54. b5 axb5 55. axb5 Nc3+
{Game drawn by mutual agreement}
1/2-1/2

[Event "ICC tourney 3036 (30 10)"]
[Site "Internet Chess Club"]
[Date "2022.10.22"]
[Round "2"]
[White "Turcotte, Jonathan:JonnyTurgi"]
[Black "Jin, Xiaodong:SuperWJ"]
[Result "1-0"]
[ICCResult "Black forfeits on time"]
[WhiteElo "2050"]
[BlackElo "1663"]
[Opening "Grünfeld: Grünfeld gambit, Capablanca variation"]
[ECO "D83"]
[NIC "GI.03"]
[Time "14:00:26"]
[PlyCount "117"]
[TimeControl "1800+10"]

1. d4 Nf6 2. c4 g6 3. Nc3 d5 4. Bf4 Bg7 5. e3 O-O 6. Rc1 Be6 7. cxd5 Nxd5 8.
Nxd5 Qxd5 9. b3 Nd7 10. Nf3 c5 11. Bc4 Qe4 12. Bxe6 Qxe6 13. dxc5 Rfd8 14.
Qe2 Rac8 15. Nd4 Qd5 16. Qf3 Qxf3 17. Nxf3 Nxc5 18. Ke2 Ne4 19. Bc7 Rd7 20.
Ba5 Rxc1 21. Rxc1 h6 22. Rc8+ Kh7 23. Nd4 Nd6 24. Rc7 Rxc7 25. Bxc7 Bxd4 26.
Bxd6 Bf6 27. Bb8 a6 28. Kd3 e6 29. Kc4 Be7 30. a4 Kg7 31. Ba7 Kf8 32. Bc5
Ke8 33. b4 Bd8 34. b5 axb5+ 35. Kxb5 Kd7 36. Bb6 Be7 37. e4 f5 38. exf5 gxf5
39. Be3 h5 40. Kb6 Kc8 41. Bf4 Bf6 42. f3 e5 43. Be3 Be7 44. Bc5 Bf6 45. h3
Bd8+ 46. Kb5 Kd7 47. Bb6 Be7 48. Bf2 Bd8 49. Bg3 Bc7 50. Kc5 Ke6 51. Be1 e4
52. fxe4 fxe4 53. Bf2 Kf5 54. Be3 Bf4 55. Kd4 Bxe3+ 56. Kxe3 Ke5 57. g4 h4
58. a5 Kd5 59. g5 {Black forfeits on time} 1-0

[Event "ICC tourney 3036 (30 10)"]
[Site "Internet Chess Club"]
[Date "2022.10.22"]
[Round "2"]
[White "Chin, Spencer:Baseballchamp"]
[Black "HO, CARTER:corviknight"]
[Result "1/2-1/2"]
[ICCResult "Game drawn by mutual agreement"]
[WhiteElo "1859"]
[BlackElo "2074"]
[Opening "Sicilian: Alapin's variation (2.c3)"]
[ECO "B22"]
[NIC "SI.46"]
[Time "14:00:30"]
[PlyCount "139"]
[TimeControl "1800+10"]

1. e4 c5 2. c3 e6 3. Nf3 Nf6 4. e5 Nd5 5. Bc4 Nc6 6. O-O d6 7. exd6 Bxd6 8.
d4 O-O 9. dxc5 Bxc5 10. Qe2 Qc7 11. Nbd2 Nf4 12. Qe4 f5 13. Qc2 Kh8 14. Nb3
Bd6 15. Re1 Ne5 16. Nxe5 Bxe5 17. Bxf4 Bxf4 18. Bxe6 Bxh2+ 19. Kf1 Qf4 20.
Nd4 Qh6 21. Bxc8 Raxc8 22. Re6 Qh4 23. Nf3 Qh5 24. Qe2 Bc7 25. Ng1 Qh4 26.
Rd1 Qh1 27. Qe3 Bh2 28. f3 f4 29. Qf2 Rce8 30. Rde1 Rd8 31. Qxa7 Bg3 32. Qc5
Bxe1 33. Rxe1 Rg8 34. Qf5 Rd2 35. Qh3 Qxh3 36. Nxh3 Rxb2 37. Nxf4 Rxa2 38.
Re7 b5 39. Rb7 g5 40. Ne6 Rb2 41. Nd4 Ra8 42. Kg1 Raa2 43. Rxb5 Rxg2+ 44.
Kf1 Rgb2 45. Rxb2 Rxb2 46. c4 h5 47. c5 h4 48. c6 Rb1+ 49. Kg2 Rc1 50. Ne6
Rxc6 51. Nxg5 Kg7 52. Kh3 Rh6 53. f4 Kf6 54. Kg4 Rh8 55. Ne4+ Ke6 56. Ng5+
Ke7 57. Kh3 Kd7 58. Nf3 Ke6 59. Nxh4 Kd5 60. Kg4 Ke4 61. f5 Rg8+ 62. Ng6 Kd5
63. Kg5 Kd6 64. Kf6 Ra8 65. Nf4 Rf8+ 66. Kg5 Rg8+ 67. Kf6 Rf8+ 68. Kg5 Re8
69. Kf6 Re1 70. Ng6 {Game drawn by mutual agreement} 1/2-1/2

[Event "ICC tourney 3036 (30 10)"]
[Site "Internet Chess Club"]
[Date "2022.10.22"]
[Round "3"]
[White "REDDY, SATVIK:chesslead"]
[Black "MAMMADOV, ZAUR:zaur94"]
[Result "1/2-1/2"]
[ICCResult "Game drawn by mutual agreement"]
[WhiteElo "2320"]
[BlackElo "2543"]
[Opening "French: Steinitz, Boleslavsky variation"]
[ECO "C11"]
[NIC "FR.04"]
[Time "16:00:35"]
[PlyCount "24"]
[TimeControl "1800+10"]

1. e4 e6 2. d4 d5 3. Nc3 Nf6 4. e5 Nfd7 5. f4 c5 6. Nf3 Nc6 7. Be3 Qb6 8.
Na4 Qa5+ 9. c3 b6 10. Bd2 c4 11. b3 b5 12. Nb2 Be7
{Game drawn by mutual agreement}
1/2-1/2

[Event "ICC tourney 3036 (30 10)"]
[Site "Internet Chess Club"]
[Date "2022.10.22"]
[Round "3"]
[White "Sarafudinov, Andrey:whyyoutrysohard"]
[Black "Yang, Daniel:danielbest"]
[Result "1-0"]
[ICCResult "Black checkmated"]
[WhiteElo "1575"]
[BlackElo "1732"]
[Opening "QGD semi-Slav: Stoltz variation"]
[ECO "D45"]
[NIC "SL.08"]
[Time "16:00:36"]
[PlyCount "63"]
[TimeControl "1800+10"]

1. d4 d5 2. c4 c6 3. Nf3 Nf6 4. Nc3 e6 5. e3 Nbd7 6. Qc2 Bd6 7. Bd3 dxc4 8.
Bxc4 b5 9. Be2 Bb7 10. O-O a6 11. e4 e5 12. dxe5 Nxe5 13. Nxe5 Bxe5 14. Be3
Bc7 15. Bc5 Nd7 16. Rfd1 Qb8 17. Rxd7 Kxd7 18. Bg4+ Ke8 19. Rd1 Bc8 20. Qe2
h5 21. Bf5 g6 22. Qe3 Be5 23. Qg5 Qc7 24. Bd7+ Qxd7 25. Qxe5+ Kd8 26. Qxh8+
Kc7 27. Rxd7+ Kxd7 28. Qf8 Kc7 29. Qd6+ Kb7 30. Nd5 Ra7 31. Qc7+ Ka8 32.
Nb6# {Black checkmated} 1-0

[Event "ICC tourney 3036 (30 10)"]
[Site "Internet Chess Club"]
[Date "2022.10.22"]
[Round "3"]
[White "HO, CARTER:corviknight"]
[Black "MARKOVIC, GORAN:Goran21"]
[Result "0-1"]
[ICCResult "White forfeits on time"]
[WhiteElo "2074"]
[BlackElo "1960"]
[Opening "Sicilian: Najdorf"]
[ECO "B90"]
[NIC "SI.14"]
[Time "16:00:12"]
[PlyCount "64"]
[TimeControl "1800+10"]

1. e4 c5 2. Nf3 d6 3. d4 cxd4 4. Nxd4 Nf6 5. Nc3 a6 6. f3 e5 7. Nb3 Be7 8.
Be3 O-O 9. Qd2 Be6 10. O-O-O Qc7 11. g4 Nbd7 12. g5 Nh5 13. Nd5 Bxd5 14.
exd5 Rfc8 15. Bh3 Nf4 16. Bxf4 exf4 17. Nd4 Bxg5 18. Rhg1 Bf6 19. Rg2 g6 20.
Rdg1 Be5 21. Kb1 Kh8 22. c3 Re8 23. Rg4 Nf6 24. Rxf4 Bxf4 25. Qxf4 Nxd5 26.
Qg5 Re5 27. Qg3 Nxc3+ 28. bxc3 Qxc3 29. Qf2 Rae8 30. Nc2 Rb5+ 31. Kc1 Qb2+
32. Kd2 Rd5+ {White forfeits on time} 0-1